[Event "*** SCC Grand Prix: Titled Tuesday Blitz"]
[Site "Chess.com"]
[Date "2020.07.07"]
[Round "3"]
[White "shnitez"]
[Black "VerdeNotte"]
[Result "0-1"]
[WhiteElo "2516"]
[BlackElo "2786"]
[TimeControl "180+1"]
[EndTime "10:29:44 PDT"]
[Termination "VerdeNotte won on time"]

1. d4 Nf6 2. c4 g6 3. Nc3 Bg7 4. e4 d6 5. Nf3 O-O 6. Be2 Nbd7 7. O-O e5 8. Be3 Qe7 9. c5 exd4 10. cxd6 cxd6 11. Bxd4 Ne5 12. Re1 Bg4 13. Nd2 Bxe2 14. Qxe2 Rac8 15. Rad1 a6 16. f4 Nc6 17. Bf2 Rfe8 18. Nc4 Rcd8 19. Qf3 h5 20. h3 Qf8 21. e5 dxe5 22. Rxd8 Nxd8 23. fxe5 Nd7 24. e6 Rxe6 25. Rxe6 fxe6 26. Qd3 Qf7 27. Nd6 Qe7 28. Nce4 Ne5 29. Qb3 Ndc6 30. Qxb7 Qxb7 31. Nxb7 Nd3 32. Nbc5 Nxf2 33.
Kxf2 Bxb2 34. Nxa6 Bd4+ 35. Kf1 e5 36. Nc7 Kf7 37.
a4 Ke7 38. Nd5+ Ke6 39. Ndf6 Bb6 40. Ke2 Nd4+ 41. Kd3 Bd8 42. Nh7 Kf5 43. Nf8 h4 44. Nd7 Ne6 45. Ndc5 Nf4+ 46. Kc4 Nxg2 47. Kd5 Nf4+ 48.
Kd6 Nxh3 49. Nc3 Ng5 50. Nd5 h3 51. Kd7 h2 52. Ne3+ Kf4 53. Ng2+ Kg3 0-1

[Event "*** SCC Grand Prix: Titled Tuesday Blitz"]
[Site "Chess.com"]
[Date "2020.07.07"]
[Round "3"]
[White "praveenb2002"]
[Black "YPradafah"]
[Result "0-1"]
[WhiteElo "2695"]
[BlackElo "2506"]
[TimeControl "180+1"]
[EndTime "10:29:44 PDT"]
[Termination "YPradafah won by checkmate"]

1. e4 c5 2. Nf3 Nc6 3. d4 cxd4 4. Nxd4 Nf6 5. Nc3 e5 6. Ndb5 d6 7. Bg5 a6 8. Na3 b5 9. Bxf6 gxf6 10. Nd5 Bg7 11. Bd3 Ne7 12. Nxe7 Qxe7 13. O-O O-O 14.
c4 f5 15. Qh5 f4 16. cxb5 d5 17. exd5 e4 18. Rae1 f5 19. Bc4 Kh8 20. Re2 Qc5 21. Rc2 Bd7 22. bxa6 Qd6 23. Rfc1 Bxb2 24. Rxb2 Qxa3 25.
Rbc2 Rac8 26. Qh6 f3 27. Qe3 Qxe3 28. fxe3 Rg8 29. g3 f4 30. exf4 e3 31. Bd3 Rxc2 32.
Rxc2 f2+ 33. Kg2 Re8 34. Bf1 Bf5 35. Rc3 Be4+ 36. Kh3 Bxd5 37. Rc5 e2 38. Bxe2 Rxe2 39. Rc1 Re1 40. Rc8+ Kg7 41. Rc7+ Kh6 42. a7 f1=Q+ 43.
Kh4 Qg2 44. h3 Re3 45. Kg4 Qxg3+ 46. Kf5 Qxh3+ 47. Kf6 Qe6# 0-1

[Event "*** SCC Grand Prix: Titled Tuesday Blitz"]
[Site "Chess.com"]
[Date "2020.07.07"]
[Round "3"]
[White "GjakanTati"]
[Black "Angel_Hranitel_37"]
[Result "1-0"]
[WhiteElo "2580"]
[BlackElo "2383"]
[TimeControl "180+1"]
[EndTime "10:29:44 PDT"]
[Termination "GjakanTati won by resignation"]

1. d4 Nf6 2. c4 g6 3. Nc3 Bg7 4. e4 d6 5. Be2 O-O 6. Bg5 c5 7. d5 Na6 8. Nf3 Nc7 9. O-O a6 10. a4 Rb8 11. Qd2 Bd7 12. Rfe1 b5 13. cxb5 axb5 14.
axb5 Nxb5 15. Bf1 Nd4 16. Nxd4 cxd4 17. Nd1 Qb6 18. Bd3 Ra8 19. Rxa8 Rxa8 20. f3 Ra2 21. Bc4 Ra1 22. Bh4 Ba4 23. b3 Bd7 24. Nb2 Ra2 25. Kh1 Bh6 26. Qc2 Qb4 27. Nd3 Qxe1+ 28. Nxe1 Rxc2 29.
Nxc2 Bd2 30. Nxd4 Kf8 31. Nc6 Ne8 32. b4 Kg7 33. b5 Be3 34. Bxe7 Bc5 35. Bd8 Kf8 36. b6 Bc8 37. Nb8 Bb7 38. Nd7+ Kg8 39. Nxc5 dxc5 40. Be7 f6 41. Bxc5 Kf7 42. d6+ Kg7 43.
d7 Bc6 44. d8=Q h5 45. Qe7+ Kh6 46. Be3+ g5 47. Bf7 Kg7 48. Bxe8+ Kg8 49. Qf7+ Kh8 50. Qxf6+ 1-0

[Event "*** SCC Grand Prix: Titled Tuesday Blitz"]
[Site "Chess.com"]
[Date "2020.07.07"]
[Round "3"]
[White "szefru"]
[Black "chessfrendz"]
[Result "1-0"]
[WhiteElo "2138"]
[BlackElo "2321"]
[TimeControl "180+1"]
[EndTime "10:29:44 PDT"]
[Termination "szefru won on time"]

1. b3 e5 2. Bb2 Nc6 3. e3 Nf6 4. Ne2 d5 5. f4 Bd6 6. Nbc3 a6 7. g3 d4 8. exd4 exd4 9. Nb1 Qe7 10. Bg2 Bc5 11. d3 Qe3 12. Bc1 Qe7 13. h3 O-O 14. O-O Re8 15. Re1 Qd6 16. Nd2 Bd7 17. Nc4 Qf8 18. Bb2 Rad8 19. a3 b5 20. Nd2 Bb6 21.
Nf3 Bc8 22. Ng5 Nd5 23. Qd2 h6 24. Nf3 Ne3 25. a4 Ba5 26. c3 dxc3 27. Bxc3 Bxc3 28. Qxc3 Nxg2 29. Kxg2 Qd6 30. Rad1 Qd5 31. Kf2 Bxh3 32. Rh1 Bg4 33. d4 b4 34. Qd3 Na5 35. Ne5 Bxe2 36. Qxe2 f6 37. Qg4 fxe5 38. Rxh6 exd4 39. Rdh1 d3 40.
Rh8+ Kf7 41. R8h5 Qd4+ 42. Kf1 Qa1+ 43. Kg2 Re2+ 44. Kf3 Qd4 45. Qf5+ Ke7 46. Rh7 1-0

[Event "*** SCC Grand Prix: Titled Tuesday Blitz"]
[Site "Chess.com"]
[Date "2020.07.07"]
[Round "3"]
[White "maciek_92"]
[Black "Keithonsky"]
[Result "1-0"]
[WhiteElo "2669"]
[BlackElo "2422"]
[TimeControl "180+1"]
[EndTime "10:29:45 PDT"]
[Termination "maciek_92 won by resignation"]

1. c4 e6 2. Nc3 d5 3. e3 Nf6 4. Nf3 b6 5. b3 Bb7 6. Bb2 a6 7.
d4 Bd6 8. Bd3 Nbd7 9. Qe2 O-O 10. O-O h6 11. e4 dxe4 12. Nxe4 Nxe4 13. Bxe4 Bxe4 14. Qxe4 Re8 15. Rad1 Qf6 16. Rd2 a5 17. c5 Bf4 18. Rc2 Qf5 19. Qxf5 exf5 20. c6 Nf6 21.
Ne5 Nd5 22. a3 f6 23. Nc4 b5 24. g3 bxc4 25. bxc4 Ne3 26. fxe3 Bxe3+ 27. Kg2 Re4 28. d5 f4 29. c5 Rd8 30. d6 Re6 31. gxf4 cxd6 32. f5 Re7 33. cxd6 Rxd6 34. c7 Rxc7 35. Rxc7 Rd2+ 36. Kf3 Bg5 37. Bc1 Rd3+ 38. Ke4 Rh3 39. Bxg5 hxg5 40. Rf2 Rxa3 41. Rb2 Kh7 42. Rbb7 Kh6 43.
Rxg7 Kh5 44. h3 Kh4 45. Rh7+ Kg3 46. Rbf7 Ra4+ 47. Kd5 Kf4 48. Rxf6 Ra1 49. Ke6 Rd1 50. Kf7 a4 51. Kg6 a3 52. Ra7 Rd3 53. Rfa6 Rxh3 54. Ra4+ Kg3 55. Rxa3+ Kh2 56. Rxh3+ Kxh3 57. Rh7+ 1-0

[Event "*** SCC Grand Prix: Titled Tuesday Blitz"]
[Site "Chess.com"]
[Date "2020.07.07"]
[Round "3"]
[White "Diego_FloresQ"]
[Black "Maili15"]
[Result "0-1"]
[WhiteElo "2486"]
[BlackElo "2258"]
[TimeControl "180+1"]
[EndTime "10:29:46 PDT"]
[Termination "Maili15 won by checkmate"]

1. e4 c5 2. Nf3 d6 3. d4 cxd4 4. Nxd4 Nf6 5. Nc3 a6 6. Bg5 Nbd7 7. Qe2 Qc7 8. f4 g6 9. g3 Bg7 10. Bg2 h6 11. Bh4 O-O 12. O-O-O Rb8 13. Rhe1 e6 14. g4 e5 15. fxe5 dxe5 16. Nb3 Nb6 17. Bf3 Be6 18. Bg3 Nc4 19. h4 Rfc8 20. Nd5 Bxd5 21. exd5 Nd7 22. Be4 Nd6 23. Rf1 a5 24.
Kb1 a4 25. Nc1 Nxe4 26. Qxe4 Nf6 27. Qxa4 b5 28. Qb3 Nxg4 29. Rde1 Qc4 30. Nd3 f6 31. Rg1 h5 32. Rgf1 Rb7 33. Re2 Rbc7 34. Rd1 Rd7 35. Nb4 f5 36. Be1 e4 37. Qg3 Qc7 38. Qb3 Qc4 39. Qg3 Be5 40. Qg1 f4 41. Nc6 Rxc6 42. Red2 Rcd6 43. Qf1 e3 44. Qxc4 bxc4 45. Re2 f3 46. Rh2 e2 47. Rh3 exd1=Q# 0-1

[Event "*** SCC Grand Prix: Titled Tuesday Blitz"]
[Site "Chess.com"]
[Date "2020.07.07"]
[Round "3"]
[White "nubair1198"]
[Black "Federtiu"]
[Result "1-0"]
[WhiteElo "2792"]
[BlackElo "2568"]
[TimeControl "180+1"]
[EndTime "10:29:47 PDT"]
[Termination "nubair1198 won on time"]

1. d4 d5 2. c4 e6 3. Nc3 c6 4. e3 Nd7 5. Nf3 f5 6. b3 Ngf6 7. Bd3 Ne4 8. Qc2 Bb4 9. Bd2 Qa5 10.
Rc1 Nxd2 11. Nxd2 O-O 12. O-O Nf6 13. f4 Ne4 14. Ndxe4 dxe4 15. Be2 Bd7 16. c5 b5 17. a3 Bxc3 18. Qxc3 Qxc3 19. Rxc3 a5 20. Kf2 b4 21. Rc2 bxa3 22. Ra1 a4 23. Rxa3 axb3 24. Rxb3 Rfb8 25.
Rxb8+ Rxb8 26. Ra2 Kf7 27. Ra7 Ke7 28. g4 h6 29. h4 Kd8 30. g5 Ke7 31. Ra2 Kd8 32. Bh5 Ke7 33. Bg6 Rb7 34. Ra8 Rb2+ 35. Ke1 Rb1+ 36. Kd2 Rb2+ 37. Kd1 Rb1+ 38. Kc2 Rh1 39. Rg8 Rxh4 40. Rxg7+ Kd8 41. Kd2 Rh2+ 42. Ke1 hxg5 43. fxg5 Rg2 44. Bh5 Rh2 45. Rh7 Rh1+ 46. Kf2 Rh2+ 47.
Kg3 Rh1 48. g6 Be8 49. Kf4 Rg1 50. Ke5 Bxg6 51. Rg7 1-0

[Event "*** SCC Grand Prix: Titled Tuesday Blitz"]
[Site "Chess.com"]
[Date "2020.07.07"]
[Round "3"]
[White "AleksanderHnydiuk"]
[Black "MergenKakabaev"]
[Result "0-1"]
[WhiteElo "2584"]
[BlackElo "2418"]
[TimeControl "180+1"]
[EndTime "10:29:47 PDT"]
[Termination "MergenKakabaev won by resignation"]

1. Nf3 Nf6 2. c4 c6 3. d4 d5 4. Qc2 e6 5. g3 Nbd7 6. Bg2 Be7 7. O-O b6 8. Nbd2 Bb7 9. e4 dxe4 10. Nxe4 Nxe4 11. Qxe4 O-O 12. Bf4 Qc8 13. Rfd1 c5 14. d5 Bf6 15. Qc2 exd5 16. cxd5 Re8 17. Ng5 g6 18. Ne4 Be7 19. Qc3 Qd8 20. Bh6 Bf8 21. Bxf8 Rxf8 22. Bh3 f5 23. Nd6 Rb8 24.
Nxb7 Rxb7 25. d6 Qf6 26. Bg2 Qxc3 27. bxc3 Rbb8 28. Re1 Nf6 29. Re7 Rf7 30. Rae1 Rd8 31. Rxf7 Kxf7 32. Re7+ Kf8 33. Rxa7 Rxd6 34. Bf1 Ne4 35.
Rxh7 Nxc3 36. Bc4 Ne4 37. Rf7+ Ke8 38. Rg7 Kf8 39. Rg8+ Ke7 40. h4 Nd2 41. Bb5 Kf6 42. a4 Nf3+ 43. Kg2 Nd4 44. Rf8+ Kg7 45. Rc8 Nxb5 46.
axb5 Kf6 47. Rc7 Ke5 48. Kf3 Kd4 49. Kf4 c4 50. f3 c3 51. g4 fxg4 52. fxg4 Kd3 53.
Kf3 c2 54. h5 gxh5 55. gxh5 Kd2 56. Kg4 c1=Q 0-1

[Event "*** SCC Grand Prix: Titled Tuesday Blitz"]
[Site "Chess.com"]
[Date "2020.07.07"]
[Round "3"]
[White "Chesswizard_2007"]
[Black "Antipov_Mikhail_Al"]
[Result "0-1"]
[WhiteElo "2451"]
[BlackElo "2823"]
[TimeControl "180+1"]
[EndTime "10:29:48 PDT"]
[Termination "Antipov_Mikhail_Al won by checkmate"]

1. d4 Nf6 2. c4 g6 3. f3 e6 4. e4 d5 5. Nc3 dxe4 6. fxe4 c5 7. d5 Bg7 8. Nf3 O-O 9. Be2 exd5 10. exd5 Re8 11.
O-O Bg4 12. h3 Bxf3 13. Bxf3 Nbd7 14. Bf4 Ne5 15. Qb3 b6 16. a4 Nfd7 17. Nb5 a6 18. Nd6 Rf8 19. Ne4 h6 20. Qc2 f5 21. Nd2 g5 22. Bh2 f4 23. Be4 Nf7 24. Nf3 Nd6 25. Bh7+ Kh8 26. Bd3 Qf6 27. Rab1 a5 28. Kh1 Nb8 29.
Rfe1 Na6 30. Ne5 Nb4 31. Qd2 Rfe8 32. Nf3 Rxe1+ 33. Nxe1 Re8 34. Nf3 Re3 35. Bf1 Ne4 36. Qc1 h5 37. Bg1 Ng3+ 38. Kh2 Re8 39. h4 g4 40. Ng5 Bh6 41. Bf2 Bxg5 42. hxg5 Nxf1+ 43. Qxf1 Qxg5 44. g3 h4 45. gxh4 g3+ 46. Kg2 Qg4 47.
Re1 f3+ 48. Kg1 gxf2+ 49. Kxf2 Nd3+ 50. Qxd3 Qg2# 0-1

[Event "*** SCC Grand Prix: Titled Tuesday Blitz"]
[Site "Chess.com"]
[Date "2020.07.07"]
[Round "3"]
[White "teacher4chess"]
[Black "jonaszmb"]
[Result "0-1"]
[WhiteElo "2007"]
[BlackElo "2467"]
[TimeControl "180+1"]
[EndTime "10:29:48 PDT"]
[Termination "jonaszmb won on time"]

1. d4 d5 2. Nf3 Nf6 3. Bg5 Nbd7 4. e3 e6 5. Bd3 c5 6. c3 Bd6 7. Nbd2 O-O 8. dxc5 Nxc5 9. Bc2 h6 10. Bh4 b6 11.
Bg3 Ba6 12. Nb3 Nce4 13. Bxd6 Qxd6 14. Bd3 Bxd3 15. Qxd3 Nc5 16. Qe2 e5 17. Rd1 a5 18.
O-O a4 19. Nc1 a3 20. b3 Nfe4 21. Qc2 Rfc8 22. c4 Qf6 23. Rxd5 b5 24. b4 Na4 25. Rxb5 Nec3 26. Rxe5 Rxc4 27. Nd3 Rg4 28. Nf4 g5 29. Rf5 Qa6 30. Nh5 Rxb4 31. Rf6 Qc4 32. Qf5 Rd8 33. Rxh6 Ne2+ 34. Kh1 Nf4 35. Qh7+ Kf8 36. Qh8+ Ke7 37. Qf6+ Kd7 38. Rd1+ Kc7 39. Qxd8+ Kb7 0-1

[Event "*** SCC Grand Prix: Titled Tuesday Blitz"]
[Site "Chess.com"]
[Date "2020.07.07"]
[Round "3"]
[White "icychess54"]
[Black "Aradej"]
[Result "0-1"]
[WhiteElo "2253"]
[BlackElo "2505"]
[TimeControl "180+1"]
[EndTime "10:29:49 PDT"]
[Termination "Aradej won by resignation"]

1. c4 e5 2. Nc3 Nc6 3. Nf3 f5 4. e3 Nf6 5. Be2 Bb4 6. Qc2 Bxc3 7. Qxc3 d6 8. O-O O-O 9. a3 a5 10. b3 h6 11. Bb2 Ne4 12. Qc2 Qf6 13. d4 Kh8 14. Rfd1 Be6 15. d5 Bd7 16. dxc6 Bxc6 17. b4 b6 18. Nd2 Ng5 19. Bf1 Nh3+ 20. Kh1 Nxf2+ 21. Kg1 Nxd1 22. Rxd1 axb4 23. axb4 Ra2 24. Qb1 Ra4 25. b5 Bb7 26. Qc2 Ra2 27. Nb1 Qg5 28. Qd2 f4 29. e4 f3 30. Nc3 f2+ 31.
Kh1 Ra7 32. Qxg5 hxg5 33. Nd5 Bxd5 34. cxd5 Ra2 35. Rd2 Rf4 36. Re2 Ra4 37. g3 Rfxe4 38. Rxf2 Re3 39. h4 gxh4 40. gxh4 Rxh4+ 41. Kg2 Rg4+ 42. Kh2 Kh7 43. Be2 Rb4 44. Bc1 Ree4 45. Bg5 Rb2 46. Bd3 Rxf2+ 47. Kg3 Rb2 48. Bxe4+ Kg8 49. Bd8 Rb4 50.
Kf3 Rc4 51. Bf5 Kf7 52. Be6+ Ke8 53. Bg5 Rc5 54. Be3 Rxb5 55. Kg4 Ke7 56. Bg5+ Kf8 57. Kf5 Rb1 58. Kg6 Rg1 59. Kf5 b5 60. Bd8 Rc1 61. Bxc7 Rxc7 0-1

[Event "*** SCC Grand Prix: Titled Tuesday Blitz"]
[Site "Chess.com"]
[Date "2020.07.07"]
[Round "3"]
[White "BilodeauA"]
[Black "NikolaGry"]
[Result "1-0"]
[WhiteElo "2841"]
[BlackElo "2627"]
[TimeControl "180+1"]
[EndTime "10:29:50 PDT"]
[Termination "BilodeauA won on time"]

1. e4 e5 2. Nf3 d6 3. Bc4 Nf6 4. Nc3 Be7 5. d4 exd4 6. Nxd4 O-O 7. O-O Nc6 8. Nxc6 bxc6 9. Re1 Nd7 10. Bf4 Bf6 11.
Qd2 Rb8 12. Bb3 Nc5 13. e5 Be7 14. exd6 cxd6 15. Rxe7 Nxb3 16. axb3 Qxe7 17. Qxd6 Qxd6 18. Bxd6 Bf5 19. Rc1 Rbd8 20. Bxf8 Kxf8 21. Kf1 Rd2 22. Ke1 Rxc2 23. Rxc2 Bxc2 24. b4 Ke7 25. Kd2 Bf5 26.
Ke3 Kd6 27. Kd4 h6 28. h4 Bc2 29. Ne2 g5 30. g3 Bd1 31. Nc3 Bc2 32. hxg5 hxg5 33.
Ne2 Bd1 34. Nc1 Bc2 35. Na2 Bb3 36. Nc1 Bc2 37. Kc3 Bg6 38. Kc4 Be4 39. Ne2 Bd5+ 40. Kd4 Bf3 41. Nc3 Bg2 42. Na4 f6 43. Nc5 Bd5 44.
Nd3 Bg2 45. Ne1 Bh1 46. Nc2 Bd5 47. Ne3 Be6 48. f4 gxf4 49. gxf4 Bd7 50. Ke4 Be6 51. Kd4 Bd7 52. Nc4+ Ke6 53. Ke4 Bc8 54. Na5 Ba6 55. Nb3 Bb5 56. Nd4+ Kd6 57. Kf5 Ke7 58. Kg6 Bd3+ 59. f5 Be4 60. Ne6 Bd5 61. Nf4 Be4 62. Nh5 Kd6 63. Kxf6 1-0

[Event "*** SCC Grand Prix: Titled Tuesday Blitz"]
[Site "Chess.com"]
[Date "2020.07.07"]
[Round "3"]
[White "2nd_life"]
[Black "Beca95"]
[Result "1-0"]
[WhiteElo "2471"]
[BlackElo "2892"]
[TimeControl "180+1"]
[EndTime "10:29:50 PDT"]
[Termination "2nd_life won by resignation"]

1. e4 c5 2. Nf3 Nf6 3. e5 Nd5 4. Nc3 e6 5. Nxd5 exd5 6. d4 Nc6 7. dxc5 Bxc5 8. Qxd5 d6 9. exd6 Qb6 10. Bd3 Bxf2+ 11.
Kf1 Be6 12. d7+ Bxd7 13. Bg5 Be6 14. Qd6 Bc5 15. Qg3 h6 16. Bf4 O-O-O 17. Re1 g5 18. Bc1 Nb4 19. Ne5 Rhe8 20. a3 Nxd3 21. Nxd3 Bd4 22. Be3 f5 23. Bxd4 Qxd4 24. Qf2 Qa4 25. h4 g4 26. Qc5+ Kb8 27. Kf2 g3+ 28. Kxg3 Qg4+ 29. Kf2 Bd5 30. Rh2 Bc6 31. Rxe8 Rxe8 32. Qd6+ Kc8 33. Qf4 Qe2+ 34. Kg1 Qd1+ 35. Qf1 Qxc2 36.
Qxf5+ Kb8 37. Rh3 Ka8 38. Rg3 Qd2 39. Kh2 Qc2 40. Qg6 Qd2 41. Nb4 Bb5 42. Rg4 Qd7 43.
Rg3 Rd8 44. Qxh6 Qc7 45. Qg5 a6 46. Nd5 Qc1 47. Qxd8+ Ka7 48. Qb6+ Kb8 49. Rg8+ 1-0

[Event "*** SCC Grand Prix: Titled Tuesday Blitz"]
[Site "Chess.com"]
[Date "2020.07.07"]
[Round "3"]
[White "Bulldog167"]
[Black "Orest_Vovk"]
[Result "0-1"]
[WhiteElo "2723"]
[BlackElo "2518"]
[TimeControl "180+1"]
[EndTime "10:29:51 PDT"]
[Termination "Orest_Vovk won by resignation"]

1. d4 h6 2. c4 g5 3. Nc3 Bg7 4. e4 c5 5. d5 Bxc3+ 6. bxc3 d6 7. h4 Qa5 8. hxg5 hxg5 9. Rxh8 Qxc3+ 10. Bd2 Qxh8 11.
Rc1 g4 12. Ne2 Nd7 13. Bc3 Ne5 14. Ng3 Bd7 15. Qb3 b6 16. a4 Nf6 17. a5 Nh5 18. Nxh5 Qxh5 19. axb6 axb6 20. Qxb6 f6 21. Qb2 Ra4 22. Bd2 Qh1 23. Qb3 Kf7 24. Bf4 Rb4 25. Qg3 Nxc4 26. Qc3 Ne5 27. Bxe5 fxe5 28. Qe3 Bb5 29.
Kd2 Bxf1 30. Qg5 Rd4+ 31. Kc3 Rc4+ 32. Kd2 Qh7 33. Rxf1 Rxe4 34. Kc3 Rd4 35. Qe3 Qe4 36. Rh1 Qxe3+ 37. fxe3 Rxd5 38. Rh4 Rd1 39. Rxg4 Rc1+ 40.
Kd2 Rg1 41. Rh4 Ke6 42. Rh2 Kd5 43. Kd3 c4+ 44. Ke2 Kc5 45. Kf2 Ra1 46. Kf3 d5 47. g4 e4+ 48. Kf4 c3 49. g5 Rg1 50. Kf5 Kc4 51.
Rg2 Rxg2 0-1

[Event "*** SCC Grand Prix: Titled Tuesday Blitz"]
[Site "Chess.com"]
[Date "2020.07.07"]
[Round "3"]
[White "WPWPWP-2015"]
[Black "chessplayer9919"]
[Result "0-1"]
[WhiteElo "2418"]
[BlackElo "2658"]
[TimeControl "180+1"]
[EndTime "10:29:51 PDT"]
[Termination "chessplayer9919 won on time"]

1. e4 c6 2. d4 d5 3. e5 Bf5 4. Be3 e6 5. Nd2 Nd7 6. f4 h5 7. Ngf3 c5 8. c3 Rc8 9. Be2 Nh6 10. h3 Qb6 11. Qb3 c4 12. Qxb6 Nxb6 13. Bd1 Bd3 14. Kf2 Nf5 15. a4 a5 16. Ne1 Be7 17. Ndf3 Be4 18.
Ng5 f6 19. Nxe6 fxe5 20. dxe5 Bh4+ 21. Ke2 Ng3+ 22. Kd2 Nxh1 23. Nxg7+ Kf7 24. Nxh5 Nd7 25. g4 Ng3 26. Bd4 Nxh5 27. gxh5 Nc5 28. e6+ Nxe6 29.
Bxh8 Rxh8 30. Nf3 Bg3 31. Ne5+ Kf6 32. Ng4+ Ke7 33. f5 Bf4+ 34. Ke1 Nc5 35. f6+ Kf7 36. h6 Nd3+ 37. Kf1 Bf5 38. Bf3 Bxg4 39. hxg4 Kxf6 40.
Bxd5 Rxh6 41. Kg2 Ne5 42. Rf1 Kg5 43. Bxb7 Rb6 0-1

[Event "*** SCC Grand Prix: Titled Tuesday Blitz"]
[Site "Chess.com"]
[Date "2020.07.07"]
[Round "3"]
[White "coalescenet"]
[Black "TheCount"]
[Result "1/2-1/2"]
[WhiteElo "2393"]
[BlackElo "2576"]
[TimeControl "180+1"]
[EndTime "10:29:51 PDT"]
[Termination "Game drawn - insufficient material"]

1. d4 Nf6 2. c4 g6 3. Nc3 d5 4. Bg5 Ne4 5. Bh4 Nxc3 6. bxc3 dxc4 7. e3 Be6 8. Nf3 Bg7 9. Nd2 c5 10. Nxc4 Nc6 11. Be2 Rc8 12. Nd2 cxd4 13. cxd4 O-O 14. O-O Qa5 15. Nb3 Qa3 16. Nc5 Bd5 17. Qd3 Qxd3 18.
Bxd3 e5 19. Nxb7 Nb4 20. Nd6 Nxd3 21. Nxc8 Rxc8 22. dxe5 Bxe5 23. Rad1 Bc4 24. f4 Bc3 25. Rf3 f5 26. Bg5 Kf7 27. h3 Ke6 28. g4 Kd5 29.
gxf5 gxf5 30. h4 Ke4 31. Rg3 Bxa2 32. Bh6 Rg8 33. Rxg8 Bxg8 34. Rb1 Bb2 35. Kf1 a5 36. Ke2 a4 37. Rg1 Bc4 38. Bg7 a3 39. Kd2 a2 40.
Bxb2 Nxb2 41. Kc3 Bd3 42. Kxb2 Bb1 43. Ka1 Kxe3 44. Rg7 h5 45. Rg5 Kxf4 46. Rxh5 Kg4 47. Rh8 f4 48. h5 f3 49. h6 Kg5 50. Rf8 Be4 51. Rxf3 Kxh6 52. Rf4 Bb1 53. Rf6+ Kg5 54. Rb6 Kf5 55. Ra6 Ke5 56. Ra5+ Kd4 57. Ra4+ Kc3 58. Rxa2 Bxa2 1/2-1/2

[Event "*** SCC Grand Prix: Titled Tuesday Blitz"]
[Site "Chess.com"]
[Date "2020.07.07"]
[Round "3"]
[White "mortngabriel"]
[Black "Larina_Marija"]
[Result "1-0"]
[WhiteElo "2319"]
[BlackElo "2094"]
[TimeControl "180+1"]
[EndTime "10:29:51 PDT"]
[Termination "mortngabriel won on time"]

1. d4 f5 2. Nc3 Nf6 3. Bg5 d5 4. Bxf6 exf6 5. e3 Be6 6. Nge2 Bf7 7. Nf4 h5 8. Bd3 g5 9. Nfe2 Qd7 10. Ng3 Be6 11. Qf3 g4 12. Qd1 h4 13. Nge2 h3 14.
g3 Nc6 15. Nf4 Nb4 16. Nxe6 Nxd3+ 17. Qxd3 Qxe6 18. Qb5+ c6 19. Qxb7 Qc8 20. Qxc8+ Rxc8 21. Ne2 Kf7 22. Nf4 Bd6 23. Nd3 Rb8 24. Kd2 Rb7 25.
Rhc1 Bb4+ 26. c3 Bd6 27. c4 Bb4+ 28. Ke2 Bd6 29. cxd5 cxd5 30. Rc6 Ke7 31. Rac1 Rhb8 32. b3 a5 33. Ra6 Rb5 34. Rcc6 Rd8 35. Ra7+ Rd7 36. Rca6 Bb4 37. Nxb4 axb4 38. Rxd7+ Kxd7 39. Rxf6 Ra5 40. Rxf5 Rxa2+ 41. Kd3 Rb2 42. Rxd5+ Kc6 43. Rg5 Rxb3+ 44. Kc4 Rb2 45. Rxg4 b3 46. Rg6+ Kd7 47.
Rg7+ Ke6 48. Rb7 Rxf2 49. Rxb3 Rxh2 50. e4 Rc2+ 51. Kd3 h2 52. Rb1 Rg2 53. Rb6+ Kf7 54.
Rh6 Kg7 55. Rh3 Kf6 56. Kc4 Rc2+ 57. Kd5 Rg2 58. e5+ Kf5 59. Kd6 Rd2 60. d5 Re2 61. e6 Kg4 62. Rh8 Kxg3 63. Kd7 Kg2 64. d6 h1=Q 65. Rxh1 Kxh1 66. e7 Kg2 67. e8=Q 1-0

[Event "*** SCC Grand Prix: Titled Tuesday Blitz"]
[Site "Chess.com"]
[Date "2020.07.07"]
[Round "3"]
[White "Usurpov"]
[Black "SGchess01"]
[Result "0-1"]
[WhiteElo "2410"]
[BlackElo "2616"]
[TimeControl "180+1"]
[EndTime "10:29:53 PDT"]
[Termination "SGchess01 won by resignation"]

1. e4 Nf6 2. Nc3 d6 3. d4 e5 4.
Nf3 Nbd7 5. Bc4 Be7 6. O-O O-O 7.
Re1 c6 8. a4 a5 9. h3 Nb6 10.
Ba2 Nfd7 11. Be3 exd4 12. Bxd4 Nc5 13. Qd2 Nbxa4 14. Nxa4 Nxa4 15. e5 d5 16. Bxd5 Qxd5 17. Rxa4 Bxh3 18. c4 Qd7 19. gxh3 c5 20. Bxc5 Qxd2 21.
Nxd2 Bxc5 22. Rea1 b6 23. Ne4 Bd4 24. R1a2 Bxe5 25.
c5 Bc7 26. cxb6 Bxb6 27. b4 Rae8 28. bxa5 Bxa5 29. Rxa5 Rxe4 30. Kg2 Ree8 31. Ra7 g6 32. Rb2 Kg7 33. Rbb7 Re5 34. Kg3 Rf5 35. Rb3 Rc8 36.
Rf3 Rxf3+ 37. Kxf3 Rc3+ 38. Kg2 g5 39. Rb7 Kg6 40.
Ra7 h6 41. Rb7 f6 42. Ra7 h5 43. Ra6 Rc5 44. Rb6 Kf5 45. Ra6 Ke5 46. Rb6 Rd5 47. Ra6 f5 48. Rb6 h4 49. Ra6 Rd4 50. Rb6 Kf4 51. Rb5 Re4 52. Ra5 g4 53. hxg4 fxg4 54.
Rh5 h3+ 55. Kf1 Kf3 56. Rf5+ Rf4 57. Ra5 Rb4 58. Ra3+ Kf4 59. Kg1 Rb1+ 60. Kh2 Rf1 61. Ra4+ Kg5 62. Ra5+ Kh4 63. Ra2 Rc1 64. Re2 Rc3 65.
Rd2 Kg5 66. Rd5+ Kf4 67. Rd8 Rc5 68. Rf8+ Ke4 69. Rg8 Kf3 70. Rf8+ Ke4 71. Kg3 Rh5 72. Rf4+ Kd3 73. Ra4 h2 74. Ra3+ Ke4 75. Ra4+ Kd3 76.
Ra3+ Kc2 77. Ra1 h1=Q 78. Rxh1 Rxh1 79. Kxg4 Kd3 80. f4 Ke4 81. Kg5 Rg1+ 0-1

[Event "*** SCC Grand Prix: Titled Tuesday Blitz"]
[Site "Chess.com"]
[Date "2020.07.07"]
[Round "3"]
[White "Danfii"]
[Black "S-Fazulyanov"]
[Result "0-1"]
[WhiteElo "2355"]
[BlackElo "2544"]
[TimeControl "180+1"]
[EndTime "10:29:53 PDT"]
[Termination "S-Fazulyanov won by resignation"]

1. e4 c5 2. Nf3 Nc6 3. d4 cxd4 4.
Nxd4 g6 5. Nc3 Bg7 6. Be3 Nf6 7. Bc4 Na5 8. Be2 d5 9. exd5 Nxd5 10. Nxd5 Qxd5 11.
Bf3 Qd8 12. O-O O-O 13. c3 a6 14. a4 Qc7 15. Qe2 e5 16. Nc2 Be6 17. Nb4 Bc4 18.
Nd5 Qd6 19. Qd2 Nb3 20. Qc2 Nxa1 21. Rxa1 Bxd5 22. Rd1 Rfd8 23. Bxd5 Kh8 24. a5 Rd7 25. c4 Rc8 26. Qa4 e4 27. Bb6 Bxb2 28. c5 Qe7 29.
Qb3 Bg7 30. Re1 f5 31. Be6 Rd3 32. Qc4 Re8 33. Bd5 Rd4 34. Qa2 Qe5 35. Bb3 Rd3 36. Bc4 Rc3 37. c6 bxc6 38. Bxa6 Qd5 39. Qxd5 cxd5 40.
Bb5 Ra8 41. Bd7 d4 42. Be6 d3 43. Bd5 Ra6 44. Rd1 Ra3 45. g3 h6 46. Bc4 R6xa5 47.
Bxa5 Rxa5 48. g4 Kh7 49. gxf5 gxf5 50. f3 Kg6 51. fxe4 fxe4 52. Kf2 Kf5 53. Ke3 Ke5 54.
Rg1 Bf6 55. Rf1 Bg5+ 0-1

[Event "*** SCC Grand Prix: Titled Tuesday Blitz"]
[Site "Chess.com"]
[Date "2020.07.07"]
[Round "3"]
[White "dosto07"]
[Black "Th3_Hound"]
[Result "0-1"]
[WhiteElo "2200"]
[BlackElo "2524"]
[TimeControl "180+1"]
[EndTime "10:29:53 PDT"]
[Termination "Th3_Hound won by checkmate"]

1. e4 e5 2. Nf3 Nc6 3. Bb5 a6 4. Bxc6 dxc6 5. O-O f6 6. d4 exd4 7. Nxd4 c5 8. Ne2 Qxd1 9. Rxd1 Bd7 10. Nbc3 O-O-O 11.
Be3 b6 12. Rd2 Ne7 13. Rad1 Nc6 14. Nd5 Be6 15. Nef4 Bf7 16. c3 Re8 17. f3 Be7 18. Nxe7+ Rxe7 19. Nd5 Bxd5 20. Rxd5 g6 21. Bf2 Rhe8 22.
Bh4 Rf7 23. g4 c4 24. Bg3 Rd8 25. h4 Rdf8 26. Kg2 f5 27. gxf5 gxf5 28. exf5 Ne7 29. Rd7 Nxf5 30. Rxf7 Rxf7 31. Kf2 h5 32. Rd5 b5 33. Re5 Kd7 34. Kg2 c6 35. Bf2 a5 36.
a3 a4 37. Re4 Ne7 38. Re5 Nd5 39. Bg3 Rg7 40. Kf2 Rh7 41. f4 Nf6 42. Kf3 Re7 43. f5 Rf7 44. Bf4 Nd5 45. Bg5 Kd6 46. Bf4 Kd7 47. Ke4 Nf6+ 48. Kf3 Ng4 49. Rc5 Nf6 50. Bg5 Nd5 51. Ke4 Kd6 52. Rxd5+ cxd5+ 53. Kf4 d4 54. cxd4 b4 55. axb4 c3 56. Bh6 cxb2 57.
Kg5 b1=Q 58. Kg6 Qxf5# 0-1

[Event "*** SCC Grand Prix: Titled Tuesday Blitz"]
[Site "Chess.com"]
[Date "2020.07.07"]
[Round "3"]
[White "chito89"]
[Black "OhanyanEminChess"]
[Result "1-0"]
[WhiteElo "2812"]
[BlackElo "2518"]
[TimeControl "180+1"]
[EndTime "10:29:54 PDT"]
[Termination "chito89 won by resignation"]

1. c4 Nf6 2. Nc3 c5 3. g3 d6 4. Bg2 g6 5. Nf3 Bg7 6. O-O O-O 7. d4 Nc6 8. dxc5 dxc5 9. Qa4 Qa5 10. Be3 Be6 11. Rac1 Qb4 12. a3 Qxc4 13. Qxc4 Bxc4 14.
Bxc5 Nd7 15. Be3 Bxc3 16. Rxc3 Bxe2 17. Re1 Ba6 18. Nd4 Nxd4 19. Bxd4 e5 20. Be3 Rfc8 21.
Rec1 Nb6 22. Rc7 Rxc7 23. Rxc7 Rd8 24. Bxb7 Rd1+ 25. Kg2 Bf1+ 26. Kf3 Nc4 27. g4 f5 28. gxf5 gxf5 29. Bc8 Nd6 30. Be6+ Kf8 31. Rxh7 Rd3 32.
Rd7 f4 33. Rxd6 Rxd6 34. Bc5 Ke7 35. Bxd6+ Kxd6 36. Bg4 Kd5 37. h4 Bd3 38. h5 Bh7 39. h6 Kd4 40. Bd7 a5 41. Kg4 Kd3 42. Bf5+ Bxf5+ 43. Kxf5 e4 44. h7 e3 45. fxe3 fxe3 46. h8=Q e2 47.
Qd8+ Kc2 48. Qxa5 Kd1 49. Qd5+ Kc2 50. Qe4+ Kd2 51. b4 e1=Q 52. Qxe1+ 1-0